 Dungeon Crawl Stone Soup version 0.22.1-1-ga44c0e5 (webtiles) character file.

236 lysyklops the Poker (level 6, -3/48 HPs)
             Began as a Merfolk Gladiator on Sept 29, 2018.
             Was an Initiate of the Shining One.
             Killed by divine providence
             ... invoked by an orc priest
              (11 damage)
             ... on level 3 of the Dungeon.
             The game lasted 00:03:52 (1700 turns).

lysyklops the Poker (Merfolk Gladiator)             Turns: 1700, Time: 00:03:53

Health: -3/48      AC:  4    Str: 14    XL:     6   Next: 6%
Magic:  6/6        EV: 16    Int:  7    God:    the Shining One [......]
Gold:   129        SH:  0    Dex: 18    Spells: 5/5 levels left

rFire    . . .     SeeInvis .   a - +0 trident
rCold    . . .     Gourm    .   (no shield)
rNeg     . . .     Faith    .   b - +0 leather armour
rPois    .         Spirit   .   c - +0 helmet
rElec    .         Reflect  .   (no cloak)
rCorr    .         Harm     .   (no gloves)
MR       .....                  (no boots)
Stlth    +.........             (no amulet)
HPRegen  0.16/turn              (no ring)
MPRegen  0.10/turn              (no ring)

@: glowing
A: change form in water, swift swim, stealthy swim
a: Renounce Religion


You were on level 3 of the Dungeon.
You worshipped the Shining One.
The Shining One was noncommittal.
You were not hungry.

You visited 1 branch of the dungeon, and saw 3 of its levels.

You collected 129 gold pieces.

Inventory:

Hand Weapons
 a - a +0 trident (weapon)
Missiles
 d - 3 throwing nets (quivered)
Armour
 b - a +0 leather armour (worn)
 c - a +0 helmet (worn)
 o - a cursed +0 helmet
 t - a scarf of resistance
Jewellery
 e - a cursed -2 ring of evasion {unknown}
 q - a +5 ring of strength {unknown}
Wands
 v - a wand of scattershot (6)
Scrolls
 g - a scroll of amnesia {unknown}
 h - a scroll of teleportation {unknown}
 j - a scroll of random uselessness {unknown}
 k - a scroll of magic mapping {unknown}
 l - 3 scrolls of identify {unknown}
 s - a scroll of enchant weapon {unknown}
 u - a scroll of remove curse {unknown}
Potions
 i - 2 potions of curing {unknown}
 m - a potion of invisibility {unknown}
 n - a potion of mutation {unknown}
 p - a potion of brilliance {unknown}
Comestibles
 f - 3 rations
 r - 2 chunks of flesh


   Skills:
 + Level 4.1 Fighting
 + Level 6.5 Polearms
 - Level 2.1 Throwing
 + Level 5.9 Dodging


You had 5 spell levels left.
You didn't know any spells.
Your spell library contained the following spells:

 Spells                   Type           Power        Failure   Level  Hunger
 Magic Dart               Conj           #...         52%         1    ##.....
 Blink                    Tloc           N/A          65%         2    ###....
 Call Imp                 Summ           #.......     65%         2    ###....
 Slow                     Hex            #.......     65%         2    ###....
 Conjure Flame            Conj/Fire      #.......     87%         3    ####...
 Mephitic Cloud           Conj/Pois/Air  #.......     87%         3    ####...


Dungeon Overview and Level Annotations

Branches:
Dungeon (3/15)

Altars:
Cheibriados
Fedhas
Vehumet
The Shining One


Message History

You puncture the orc!
You kill the orc!
The orc priest hits you. The orc priest misses you.
Items here: )) ? [ † a club; a dagger; a robe; a scroll labeled FAG MIORERPHY; an orc corpse You hit the orc priest but do no damage.
The orc priest mumbles some strange prayers to Beogh against you.
Pain shoots through your body!
You puncture the orc priest!
The orc priest is heavily wounded.
The orc priest calls down the wrath of Beogh upon you.
Beogh smites you!
* * * LOW HITPOINT WARNING * * *
You hear a shout!
You closely miss the orc priest.
The orc priest is heavily wounded.
The orc priest mumbles some strange prayers to Beogh against you.
Beogh smites you!
You die...

#.##.##..... #.#
.....##....( #.#
..#####.#### ...
..##......(# #.#
...........# #.#
.###..###..##### #l#
.###..#........###.#
........#..##...##l#
####..###..##.#.@og#
#.......##...####
##.....#######
#######


You could see an orc priest, a hobgoblin and a frilled lizard.

Vanquished Creatures
  A bullfrog (D:3)
  2 orc wizards (D:3)
  Jessica (D:2)
  Terence (D:2)
  An adder (D:3)
  5 dart slugs
  5 orcs (D:3)
  3 giant cockroaches
  2 hobgoblins (D:1)
  2 jackals
  7 kobolds
  A quokka (D:2)
  A ball python (D:3)
  7 bats
  5 frilled lizards
  6 goblins
  3 rats
53 creatures vanquished.

Notes
Turn   | Place    | Note
-------+----------+-------------------------------------------
     0 | D:1      | lysyklops the Merfolk Gladiator began the quest for the
                  | Orb.
     0 | D:1      | Reached XP level 1. HP: 16/16 MP: 1/1
   102 | D:1      | Reached XP level 2. HP: 23/23 MP: 2/2
   546 | D:1      | Reached XP level 3. HP: 28/28 MP: 3/3
   598 | D:1      | Reached skill level 5 in Polearms
   806 | D:2      | Noticed Jessica
   806 | D:2      | Noticed Terence
   830 | D:2      | Killed Terence
   830 | D:2      | Reached XP level 4. HP: 10/35 MP: 4/4
   855 | D:2      | Killed Jessica
   855 | D:2      | Reached skill level 5 in Dodging
  1082 | D:2      | Found a snail-covered altar of Cheibriados.
  1089 | D:2      | Found a blossoming altar of Fedhas.
  1320 | D:2      | Found a radiant altar of Vehumet.
  1361 | D:2      | Found a glowing golden altar of the Shining One.
  1364 | D:2      | Became a worshipper of the Shining One
  1503 | D:3      | Reached XP level 5. HP: 37/42 MP: 5/5
  1504 | D:3      | Reached skill level 6 in Polearms
  1691 | D:3      | Reached XP level 6. HP: 30/48 MP: 6/6
  1700 | D:3      | Killed from afar by an orc priest

Skill      XL: |  1  2  3  4  5 |
---------------+----------------+-----
Polearms       | 5 6 |  6.5
Fighting       | 3 4 |  4.1
Dodging        | 5 |  5.9
Throwing       | |  2.1

Action                   |  1- 3 |  4- 6 || total
-------------------------+-------+-------++-------
Melee: Trident           |    81 |   105 ||   186
 Stab: Sleeping          |     2 |       ||     2
       Distracted        |       |     1 ||     1
  Eat: Chunk             |       |     3 ||     3
Armor: Leather armour    |     8 |    22 ||    30
Dodge: Dodged            |    41 |    81 ||   122
